 Dungeon Crawl Stone Soup version 0.31-a0-845-g9abc20d24f (webtiles) character file.

Game seed: 6873792679806242983

23 DocEon the Changeling (level 2, -1/23 HPs)
             Began as a Draconian Shapeshifter on Oct 3, 2023.
             Frozen to death by an endoplasm (5 damage)
             ... on level 2 of the Dungeon.
             The game lasted 00:00:52 (790 turns).

DocEon the Changeling (Draconian Shapeshifter)       Turns: 790, Time: 00:00:53

Health: -1/23      AC:  4    Str: 16    XL:     2   Next: 75%
Magic:  2/2        EV: 12    Int: 10    God:
Gold:   53         SH:  0    Dex: 10    Spells: 1/1 levels left

rFire   . .          .
                       - Unarmed
rCold   . . .        (no shield)
rNeg    . . .        (body armour unavailable)
rPois   .            (helmet currently unavailable)
rElec   .            (cloak currently unavailable)
rCorr   .            (gloves currently unavailable)
SInv    .            (boots currently unavailable)
Will    .....        (no amulet)
Stlth   +            (no ring)
HPRegen 0.23/turn    (no ring)
MPRegen 0.08/turn

%: no passive effects
@: lethally poisoned (-1 -> -5), beast-form, slowed, very slow
A: beast (slay +2), AC +4, unfitting armour, cold-blooded
a: Begin Untransformation


You were on level 2 of the Dungeon.
You were a hulking beast.
You visited 1 branch of the dungeon, and saw 2 of its levels.

You collected 53 gold pieces.

Inventory:

Talismans
 b - a beast talisman (active)
 c - a flux talisman
Scrolls
 f - a scroll of identify
Potions
 a - 2 potions of lignification
 d - a potion of ambrosia {unknown}
 e - 2 potions of attraction
 h - 2 potions of heal wounds {unknown}


   Skills:
 - Level 1.1 Fighting
 - Level 1.7 Dodging
 - Level 3.0 Unarmed Combat
 * Level 3.9 Shapeshifting


You had one spell level left.
You didn't know any spells.
Your spell library contained the following spells:

 Spells                   Type           Power      Damage    Failure   Level
 Shock                    Conj/Air       0%         1d3       36%         1
 Scorch                   Fire           0%         2d5       50%         2
 Gell's Gravitas          Tloc           0%         N/A       75%         3
 Inner Flame              Hex/Fire       0%         N/A       75%         3
 Swiftness                Air            0%         N/A       75%         3
 Teleport Other           Tloc           0%         N/A       75%         3
 Airstrike                Air            0%         2d(0-16)  98%         4
 Dispersal                Tloc           0%         N/A       100%        6


Dungeon Overview and Level Annotations

Branches:
Dungeon (2/15)

Altars:


Innate Abilities, Weirdness & Mutations

You are a hulking beast.
Your limbs bulge with bestial killing power. (Slay +2)
Your plain brown scales are hard. (AC +4)
You cannot fit into any form of body armour.
You are cold-blooded and may be slowed by cold attacks.


Message History

Found a potion of lignification.
There are monsters nearby!
The endoplasm quivers.
There are monsters nearby!
There are monsters nearby!
The adder bites you.
There are monsters nearby!
You hit the adder but do no damage.
You tail-slap the adder, but do no damage.
The adder completely misses you. The adder bites you but does no damage.
The endoplasm hits you but does no damage.
You closely miss the adder. The adder bites you.
You are poisoned.
The adder poisons you!
The endoplasm hits you but does no damage.
You barely miss the adder.
You feel sick. The adder misses you. The endoplasm freezes you.
You are frozen.
You feel yourself slow down.
You punch the adder!
The adder is heavily wounded.
You feel sick. The adder barely misses you. The adder bites you.
You are more poisoned.
The adder poisons you! The endoplasm freezes you.
You are frozen.
You feel as though you will be slow longer.
You are too injured to fight recklessly!
You are too injured to fight recklessly!
You closely miss the adder.
The adder is heavily wounded.
You feel very sick. The adder bites you but does no damage.
The endoplasm freezes you.
You are frozen.
* * * LOW HITPOINT WARNING * * *
You feel as though you will be slow longer.
The adder closely misses you. The endoplasm freezes you.
You are frozen.
You die...

# .########.###.#### ..#
#.# #.###§ ### #.#
#.###.#.§. ... #.#
#.......#≈
###.###.#######.......##
......#.............#.#
##.............#####.#
##..$...######### #.#
#......h# #.# ##....SJ#
#.# ........# #.#
#####.#.# .!..# ##.###
#.


You could see an adder and an endoplasm.

Vanquished Creatures
  A dart slug (D:1)
  A bat (D:1)
  2 endoplasms (D:2)
  A goblin (D:1)
  4 hobgoblins
  2 jackals (D:1)
  2 quokkas (D:1)
  4 ball pythons
  A kobold (D:2)
  A rat (D:1)
19 creatures vanquished.

Notes
Turn   | Place    | Note
-------+----------+-------------------------------------------
     0 | D:1      | DocEon the Draconian Shapeshifter began the quest for the
                  | Orb.
     0 | D:1      | Reached XP level 1. HP: 16/16 MP: 1/1
   221 | D:1      | Found a faded altar of an unknown god.
   312 | D:1      | Reached XP level 2. HP: 17/23 MP: 2/2
   663 | D:2      | Got a quivering book
   790 | D:2      | Frozen to death by an endoplasm

Illustrated notes

Levels and vault maps discovered:
D:1:      tarquinn_simple_flora_water_d, layout_basic,
          chequers_ecumenical_altar_twisty, minmay_statues_item,
          nicolae_kite_square_tiling_tiny
D:2:      layout_loops_ring, serial_shops, shop, minmay_misc_feat_plants,
          amcnicky_mini_rare_corridor_liquid, minmay_heptomino_l4

Action                     || total
---------------------------++-------
  Melee: Unarmed           ||    45
         Tailslap          ||     3
    Use: Scroll            ||     3
   Stab: Sleeping          ||     1
 Armour: Skin              ||    17
  Dodge: Dodged            ||    25

Table legend: (Time is in decaauts)
 A = Elapsed time spent in this place.
 B = Non-inter-level travel time spent in this place.
 C = Inter-level travel time spent in this place.
 D = Time resting spent in this place.
 E = Time spent auto-exploring this place.
 F = Levels seen in this place.
 G = Mean time per level.
                   A        B        C        D        E       F      G
               +--------+--------+--------+--------+--------+-----+--------+
         Total |    788 |    739 |     49 |      0 |    608 |   2 |  394.0 |
       Dungeon |    788 |    739 |     49 |      0 |    608 |   2 |  394.0 |
               +--------+--------+--------+--------+--------+-----+--------+

Top non-repeatable levels by time:
     D:1: 599 daAuts
     D:2: 188 daAuts
